 Dungeon Crawl Stone Soup version 0.28-a0-1190-g77e1c55843 (webtiles) character file.

Game seed: 15341565580472357817

0 geedmat the Skirmisher (level 1, -3/19 HPs)
             Began as a Palentonga Abyssal Knight on Dec 19, 2021.
             Was a Follower of Lugonu.
             Slain by a flying skull (6 damage)
             ... on level 1 of the Abyss.
             The game lasted 00:02:44 (75 turns).

geedmat the Skirmisher (Palentonga Abyssal Knight)    Turns: 75, Time: 00:02:44

Health: -3/19      AC:  4    Str: 16    XL:     1   Next: 0%
Magic:  2/2        EV:  9    Int: 10    God:    Lugonu [*.....]
Gold:   0          SH:  0    Dex: 10    Spells: 0/0 levels left

rFire   . . .      SeeInvis +   a - +1 spear
rCold   . . .      Faith    .   (no shield)
rNeg    . . .      Spirit   .   b - +0 leather armour
rPois   .          Reflect  .   (no helmet)
rElec   .          Harm     .   (no cloak)
rCorr   .          Rampage  .   (no gloves)
Will    .....                   (no barding)
Stlth   +.........              (no amulet)
HPRegen 0.06/turn               (no ring)
MPRegen 0.08/turn               (no ring)

@: no status effects
A: large, rugged brown scales 3, see invisible, deformed body, roll 1, armoured
tail
a: Rolling Charge, Renounce Religion, Depart the Abyss


You were on level 1 of the Abyss.
You worshipped Lugonu.
Lugonu was aware of your devotion.
You visited 0 branches of the dungeon, and saw 0 of its levels.
You visited the Abyss 1 time.

Inventory:

Hand Weapons
 a - a +1 spear (weapon)
Armour
 b - a +0 leather armour (worn)
Magical Staves
 c - a staff of fire


   Skills:
 - Level 3.0 Fighting
 + Level 1.7 Polearms
 - Level 1.5 Armour
 - Level 0.7 Dodging
 - Level 2.0 Invocations


You couldn't memorise any spells.
You didn't know any spells.
Your spell library was empty.

Dungeon Overview and Level Annotations

Branches:
Dungeon (0/15)

Altars:


Innate Abilities, Weirdness & Mutations

You are completely covered in rugged brown scales. (AC +3, +7% HP)
You have supernaturally acute eyesight. (SInv)
Armour fits poorly on your strangely shaped body.
You can roll at nearby foes to attack.
You have a long armoured tail.


Message History

The Orb of Zot is coveted for many reasons.
Will you seize it for your own?
Lugonu says: Depart the Abyss and spread corruption, my servant! (use the ability menu to exit the Abyss) Press ? for a list of commands and other information.
Found a corrupted altar of Lugonu.
Your library has no spells.
There are no items here.
Unknown command.
Press < or > to pray at altars.
There are no items here.
Found a war axe.
Press: ? - help, v - describe, . - travel The floor.
Unknown command.
There's nothing you can charge at!
You don't know any spells.
Okay, then.
There is a corrupted altar of Lugonu here.
There's nothing you can charge at!
You aren't carrying any pieces of jewellery.
You offer a prayer to Lugonu.
You offer a prayer to Lugonu.
You see here a +0 war axe.
Found a hunting sling.
You are suddenly pulled into a different region of the Abyss!
Found a knobbly smoking staff.
You see here a staff of fire.
c - a staff of fire The flying skull gives a hideous shriek!
A tentacled starspawn comes into view.
Tentacles burst from the starspawn's body! 2 starspawn tentacles come into view.
The flying skull completely misses you. The flying skull hits you!
The flying skull hits you. The flying skull barely misses you.
The flying skull hits you. The flying skull hits you.
* * * LOW HITPOINT WARNING * * *
The flying skull hits you.
You die...

#... ..# #########
####### ###.......###
###.......
#...........###.........
.............#.. .......
#...........###.........
#....@z.....X.........
#.....#.....###.........
..... #......#..........
#...........###... .. ..
###.......### ###..... .
######## ### ##.# #.....
.Xw....#. w. . .. #


You could see a tentacled starspawn and a flying skull.

Vanquished Creatures (others)
  2 starspawn tentacles (Abyss:1)
2 creatures vanquished.

Notes
Turn   | Place    | Note
-------+----------+-------------------------------------------
     0 | Abyss:1  | geedmat the Palentonga Abyssal Knight began the quest for
                  | the Orb.
     0 | Abyss:1  | Reached XP level 1. HP: 19/19 MP: 2/2
    59 | Abyss:1  | Noticed a flying skull
    60 | Abyss:1  | Noticed a tentacled starspawn
    75 | Abyss:1  | Slain by a flying skull

Illustrated notes

Levels and vault maps discovered:
Abyss:1:  base: Temple, base:
Temple

Action                   || total
-------------------------++-------
Dodge: Dodged            ||     2

Table legend: (Time is in decaauts)
 A = Elapsed time spent in this place.
 B = Non-inter-level travel time spent in this place.
 C = Inter-level travel time spent in this place.
 D = Time resting spent in this place.
 E = Time spent auto-exploring this place.
 F = Levels seen in this place.
 G = Mean time per level.
                   A        B        C        D        E       F      G
               +--------+--------+--------+--------+--------+-----+--------+
         Total |     75 |     75 |      0 |      0 |      0 |   1 |   75.0 |
         Abyss |     75 |     75 |      0 |      0 |      0 |   1 |   75.0 |
               +--------+--------+--------+--------+--------+-----+--------+

Top non-repeatable levels by time:
 Abyss:1: 75 daAuts
